 Dungeon Crawl Stone Soup version 0.32-a0-876-gcfddb08e57 (webtiles) character file.

Game seed: 10056562128156709448

2569 jiveturtle the Cleaver (level 9, -9/68 (70) HPs)
             Began as a Mountain Dwarf Berserker on Apr 2, 2024.
             Was an Elder of Trog.
             Killed from afar by an electric eel (13 damage)
             ... with a bolt of electricity
             ... on level 8 of the Dungeon.
             The game lasted 00:12:15 (6931 turns).

jiveturtle the Cleaver (Mountain Dwarf Berserker)   Turns: 6931, Time: 00:12:17

HP:   -9/68 (70)    AC: 12    Str: 24    XL:     9   Next: 31%
MP:   0/9           EV:  6    Int:  8    God:    Trog [****..]
Gold: 56            SH:  0    Dex:  9    Spells: 8/8 levels left

rFire   + . .        G - +7 battleaxe
rCold   . . .        (shield currently unavailable)
rNeg    . . .        f - +0 plate armour
rPois   .            (no helmet)
rElec   .            (no cloak)
rCorr   .            (no gloves)
SInv    .            H - +0 pair of boots
Will    ++...        l - amulet of guardian spirit Stlth
                     D - ring of protection from fire
HPRegen 1.31/turn    (no ring)
MPRegen 0.11/turn

%: guardian spirit
@: strong-willed, regenerating, lightly drained
A: runic magic, artefact enchanting
a: Renounce Religion, Berserk, Trog's Hand, Brothers in Arms


You were on level 8 of the Dungeon.
You worshipped Trog.
Trog was greatly pleased with you.
You visited 1 branch of the dungeon, and saw 8 of its levels.
You also visited: Ossuary.

You collected 534 gold pieces.
You spent 478 gold pieces at shops.

Inventory:

Hand Weapons
 a - a +0 hand axe
 u - a +1 hand axe of flaming
 F - a +0 war axe
 G - a +7 battleaxe (weapon)
Missiles
 o - a throwing net (quivered)
 x - 3 javelins
Armour
 f - a +0 plate armour (worn)
 C - a +1 scale mail of fire resistance
 H - a +0 pair of boots (worn)
Jewellery
 l - an amulet of guardian spirit (around neck)
 A - a ring of fire
 D - a ring of protection from fire (left hand)
Talismans
 h - a serpent talisman
 z - a blade talisman
Wands
 p - a wand of charming (7)
 y - a wand of flame (23)
 E - a wand of mindburst (9)
Scrolls
 b - 2 scrolls of revelation {unknown}
 j - 3 scrolls of fear
 k - 3 scrolls of teleportation
 m - a scroll of blinking
 t - a scroll of enchant armour
 B - 3 scrolls of acquirement {unknown}
 I - a scroll of poison {unknown}
Potions
 c - 11 potions of curing
 d - 2 potions of brilliance {unknown}
 e - 2 potions of enlightenment {unknown}
 g - a potion of mutation {unknown}
 i - a potion of invisibility {unknown}
 n - 2 potions of heal wounds {unknown}
 q - a potion of ambrosia {unknown}
 r - a potion of haste {unknown}
 s - a potion of lignification {unknown}
 v - a potion of might {unknown}
 w - a potion of cancellation {unknown}


   Skills:
 - Level 3.2 Fighting
 * Level 14.7 Axes
 - Level 4.0 Armour
 - Level 2.0 Dodging


You had 8 spell levels left.
You didn't know any spells.
Your spell library was empty.

Dungeon Overview and Level Annotations

Branches:
Dungeon (8/15)             Temple (0/1) D:4         Ossuary (visited)
   Lair: D:8-11

Altars:
Ashenzari
Gozag
Kikubaaqudgha
Makhleb
Sif Muna
Yredelemnul
Zin
The Shining One
Beogh

Shops:
D:7 (   D:8 (

Annotations:
D:7 3 runed translucent doors, jasper's ghost, novice MDBr


Innate Abilities, Weirdness & Mutations

Your spellcasting is much less encumbered by armour.
You can use scrolls of enchantment on lesser artefacts.


Message History

The electric eel shoots out a bolt of lightning at you!
The bolt of electricity hits the plant!
The plant begins to die.
The bolt of electricity hits you!
You closely miss the electric eel.
An electric eel comes into view.
The electric eel shoots out a bolt of lightning at you!
The bolt of electricity hits the plant!
The bolt of electricity misses the electric eel.
The bolt of electricity misses you.
You completely miss the electric eel.
The electric eel shoots out a bolt of lightning at you!
The bolt of electricity hits the plant.
The bolt of electricity misses the electric eel.
The bolt of electricity hits you!
The electric eel shoots out a bolt of lightning at you!
The bolt of electricity hits the electric eel.
The electric eel completely resists.
The bolt of electricity hits you!
Aiming: Throw Flame
Press: ? - help, Shift-Dir - straight line, f - electric eel
Aim: an electric eel (48% to hit)
The puff of flame misses the electric eel.
The electric eel is engulfed in a cloud of scalding steam.
The electric eel shoots out a bolt of lightning at you!
The bolt of electricity hits you! The bolt of electricity hits you.
* * * LOW HITPOINT WARNING * * *
The bolt of electricity hits the electric eel.
The electric eel completely resists.
Your skin crawls.
You feel strong-willed.
A nearby plant withers and dies.
The electric eel shoots out a bolt of lightning at you!
The bolt of electricity hits the plant! x2
The bolt of electricity hits the electric eel.
The electric eel completely resists.
The bolt of electricity hits you!
* * * LOW HITPOINT WARNING * * *
The electric eel shoots out a bolt of lightning at you!
The bolt of electricity hits you!
* * * LOW HITPOINT WARNING * * *
The bolt of electricity hits you!
You die...

...≈.≈####..#
##..........>....#.
≈≈≈..≈# #..#
###.............#.
≈≈≈≈≈.####.##
#.............##
......#....#
#.##...........)
######.....# #.#
#.........#.
...........## ..#
....♣♣...♣♣
..###....#..#####.##
♣♣♣♣ ♣~P♣♣P
#..#####..##..#♣~♣~♣
P~~~~~~ #.##
#..<.@§~~~~~~ ~~≈P~~~P
...
#....#♣S~~~P~~≈~≈≈≈≈≈PP
...#
#.....~~~§♣~~~~≈≈≈≈≈≈≈≈≈
#... #).##.♣♣~~§P~~≈≈
≈≈≈≈≈≈≈≈ .... ...# #..


P♣PSPP ≈ ≈≈≈≈≈≈≈≈ ...# ##♣ ~~~S~~≈ ≈≈≈≈≈≈≈≈ #.# ~~♣~S~~ ≈≈≈≈≈≈≈≈ #. ~P~♣~~
~~≈≈≈≈≈~ ~~~≈≈≈♣~ You could see 4 electric eels.

Vanquished Creatures
  A wyvern (D:6)
  2 water moccasins
  2 centaurs
  An ogre (D:4)
  2 bullfrogs (D:7)
  2 scorpions (D:5)
  5 water moccasin zombies (Ossuary)
  4 wights (D:8)
  A burial acolyte (Ossuary)
  An electric eel (D:8)
  A howler monkey (D:5)
  A jelly (D:4)
  A bombardier beetle (D:6)
  A hound (D:5)
  A gnoll bouda (D:7)
  10 orc priests
  2 sleepcaps
  4 iguanas
  4 orc wizards
  A crocodile zombie (Ossuary)
  A bullfrog simulacrum (Ossuary)
  2 mummies (Ossuary)
  9 gnolls
  11 adders
  A shadow imp (D:6)
  4 white imps
  2 ufetubi (D:5)
  2 adder zombies (Ossuary)
  A dart slug (D:3)
  3 ribbon worms
  21 orcs
  6 endoplasms
  A giant cockroach (D:3)
  12 gnoll zombies (Ossuary)
  18 goblins
  8 hobgoblins
  4 jackals (D:5)
  3 quokkas (D:1)
  6 ball pythons
  8 bats
  5 frilled lizards
  3 jackal zombies (Ossuary)
  4 kobolds
  4 orc zombies (Ossuary)
  4 rats
190 creatures vanquished.

Notes
Turn   | Place    | Note
-------+----------+-------------------------------------------
     0 | D:1      | jiveturtle the Mountain Dwarf Berserker began the quest for
                  | the Orb.
     0 | D:1      | Reached XP level 1. HP: 19/19 MP: 1/1
    44 | D:1      | Reached skill level 4 in Axes
   169 | D:1      | Reached XP level 2. HP: 8/26 MP: 2/2
   945 | D:2      | Reached ** piety under Trog
  1142 | D:2      | Reached XP level 3. HP: 31/31 MP: 3/3
  1406 | D:2      | Reached skill level 5 in Axes
  1641 | D:3      | Reached XP level 4. HP: 38/38 MP: 4/4
  2024 | D:3      | Reached skill level 6 in Axes
  2489 | D:4      | Reached XP level 5. HP: 45/45 MP: 5/5
  2492 | D:4      | Reached *** piety under Trog
  2636 | D:4      | Found a sand-covered staircase.
  2640 | Ossuary  | Entered an ossuary
  2697 | Ossuary  | Reached skill level 7 in Axes
  2759 | Ossuary  | Reached XP level 6. HP: 51/51 MP: 6/6
  2794 | Ossuary  | Reached skill level 8 in Axes
  2858 | Ossuary  | Reached XP level 7. HP: 20/57 MP: 3/7
  3001 | Ossuary  | Reached skill level 9 in Axes
  3159 | D:4      | Reached **** piety under Trog
  3362 | D:4      | Found a staircase to the Ecumenical Temple.
  3529 | D:4      | Reached skill level 10 in Axes
  3745 | D:4      | Found a roughly hewn altar of Beogh.
  3990 | D:4      | Found a burning altar of Makhleb.
  4065 | D:5      | Entered Level 5 of the Dungeon
  4302 | D:5      | Reached XP level 8. HP: 63/63 MP: 8/8
  4324 | D:5      | Reached skill level 11 in Axes
  4501 | D:5      | Found a broken altar of Ashenzari.
  4571 | D:5      | Found an opulent altar of Gozag.
  5005 | D:5      | Reached skill level 12 in Axes
  5462 | D:6      | Found a glowing golden altar of the Shining One.
  5583 | D:6      | Found a shimmering blue altar of Sif Muna.
  5827 | D:6      | Found a glowing silver altar of Zin.
  5866 | D:7      | Found a runed translucent gate.
  5866 | D:7      | Found a runed translucent gate.
  5866 | D:7      | Found a runed translucent gate.
  5866 | D:7      | Noticed jasper's ghost (novice MDBr)
  5895 | D:7      | Reached skill level 13 in Axes
  6183 | D:7      | Reached XP level 9. HP: 36/70 MP: 5/9
  6263 | D:7      | Reached skill level 14 in Axes
  6359 | D:7      | Found Qiashror's Weapon Emporium.
  6365 | D:7      | Bought a +7 battleaxe for 478 gold pieces
  6615 | D:8      | Found Irous's Antique Weapon Shop.
  6723 | D:8      | Found a basalt altar of Yredelemnul.
  6905 | D:8      | Found an ancient bone altar of Kikubaaqudgha.
  6931 | D:8      | Killed from afar by an electric eel

Illustrated notes

Levels and vault maps discovered:
D:1:      heliophobic_arrival_henge, layout_basic
D:2:      cheibrodos_greedy_goblins, layout_basic
D:3:      layout_loops_ring
D:4:      layout_basic, lemuel_coloured_pillars_altar, temple_fountains,
          nicolae_ossuary_entry_plus, kennysheep_orc_chapel
D:5:      layout_cave_pods, jmf_multi_god_temple2
D:6:      layout_basic, old_standard_altar, zin_scriptorium,
          mainiacjoe_overflow_alcove_1
D:7:      layout_rooms, gammafunk_ghost_necromancy, serial_shops,
          nicolae_shop_rolling_square, minmay_misc_feat_rows,
          corexii_checkpoint, nicolae_zen_rock_garden
D:8:      layout_layer_cave, mainiacjoe_overflow_paths,
          nicolae_overflow_squiral, enter_bailey_5, serial_shops, shop_statue,
          corexii_checkpoint, serial_bayou_lake_a

Skill      XL: |  1  2  3  4  5  6  7  8  9 |
---------------+----------------------------+-----
Axes           | 4 5 6 7 8 10 13 14 | 14.7
Armour         | 3 4 |  4.0
Dodging        | 2 |  2.0
Fighting       | |  3.2

Action                     |  1- 3 |  4- 6 |  7- 9 || total
---------------------------+-------+-------+-------++-------
  Melee: Hand axe          |   137 |   221 |   288 ||   646
         War axe           |       |       |    30 ||    30
         Battleaxe         |       |       |    11 ||    11
 Invoke: Berserk           |     1 |     2 |     6 ||     9
         Trog's Hand       |       |     1 |     4 ||     5
  Evoke: Wand              |       |       |     1 ||     1
    Use: Scroll            |       |     1 |     4 ||     5
 Armour: Animal skin       |    27 |       |       ||    27
         Plate armour      |   112 |   227 |   253 ||   592
  Dodge: Dodged            |    40 |    71 |    74 ||   185

Table legend: (Time is in decaauts)
 A = Elapsed time spent in this place.
 B = Non-inter-level travel time spent in this place.
 C = Inter-level travel time spent in this place.
 D = Time resting spent in this place.
 E = Time spent auto-exploring this place.
 F = Levels seen in this place.
 G = Mean time per level.
                   A        B        C        D        E       F      G
               +--------+--------+--------+--------+--------+-----+--------+
         Total |   6927 |   6770 |    157 |    933 |   4439 |   9 |  769.7 |
       Dungeon |   6419 |   6262 |    157 |    648 |   4422 |   8 |  802.4 |
       Ossuary |    508 |    508 |      0 |    285 |     17 |   1 |  508.0 |
               +--------+--------+--------+--------+--------+-----+--------+

Top non-repeatable levels by time:
     D:4: 1241 daAuts
     D:5: 1114 daAuts
     D:2: 811 daAuts
     D:3: 808 daAuts
     D:1: 729 daAuts
     D:7: 724 daAuts
     D:6: 653 daAuts
 Ossuary: 508 daAuts
     D:8: 335 daAuts
